 Dungeon Crawl Stone Soup version 0.14-a0-2071-g7172c92 (webtiles) character file.

5793 RedPan the Conjurer (level 10, -3/50 HPs)
             Began as a Deep Elf Wizard on Jan 23, 2014.
             Slain by an orc warrior
             ... wielding the +7,+3 morningstar "Seirug" {crush, +Inv rPois}
              (7 damage)
             ... on Level 9 of the Dungeon.
             The game lasted 01:08:21 (13120 turns).

RedPan the Conjurer (Deep Elf Wizard)              Turns: 13120, Time: 01:08:21

HP  -3/50        AC  6     Str  7      XL: 10   Next: 38%
MP   1/31        EV 13     Int 24      God:
Gold 466         SH  0     Dex 13      Spells:  7 memorised, 11 levels left

rFire  . . .     SeeInvis .     v - +7,+0 short sword (speed)
rCold  . . .     Clarity  .     R - +0 robe
rNeg   + . .     Conserve .     (no shield)
rPois  .         rCorr    .     b - +0 elf hat
rElec  .         rRot     .     z - +1 dwarf cloak
SustAb . .       Spirit   .     (no gloves)
rMut   .         Warding  +     y - +0 pair of elf boots
Saprov . . .     Stasis   .     g - amulet of warding
MR     +....                    A - ring of invisibility
                                p - +2 ring of protection

@: somewhat resistant to hostile enchantments, stealthy
A: horns 1, breathe flames 1, deformed body
a: Breathe Fire, Evoke Invisibility


You were on level 9 of the Dungeon.
You were very full.

You visited 2 branches of the dungeon, and saw 10 of its levels.
You also visited: Sewer and Ossuary.

You collected 466 gold pieces.

Inventory:

Hand weapons
 v - a +7,+0 short sword of speed (weapon)
Armour
 b - a +0 elven hat (worn)
 y - a +0 pair of elven boots (worn)
 z - a +1 dwarven cloak (worn)
 R - a +0 robe (worn)
Magical devices
 H - a wand of draining (3)
 Q - a wand of slowing (13)
 S - a wand of disintegration (10)
Comestibles
 d - 7 bread rations
 j - 2 meat rations
Scrolls
 a - a scroll of enchant weapon I {unknown}
 o - a scroll of fear {unknown}
 q - 2 scrolls of magic mapping
 r - 6 scrolls of remove curse
 s - 3 scrolls of fog
 t - a scroll of immolation {unknown}
 B - a scroll of curse jewellery {unknown}
 G - a scroll of curse weapon {unknown}
 I - a scroll of silence {unknown}
 J - a scroll of teleportation {unknown}
 K - a scroll of enchant weapon II {unknown}
 L - a scroll of enchant armour {unknown}
 N - 2 scrolls of amnesia {unknown}
Jewellery
 g - an amulet of warding (around neck)
 h - an uncursed amulet of rage
 l - an uncursed amulet of resist mutation
 p - a +2 ring of protection (left hand)
 A - a ring of invisibility (right hand)
 F - an uncursed ring of fire
Potions
 e - 3 potions of agility
 f - 9 potions of curing
 k - 6 potions of heal wounds
 m - 2 potions of restore abilities
 u - 2 potions of flight
 x - a potion of invisibility
 C - a potion of brilliance
 E - a potion of might {unknown}
 M - a potion of mutation
 O - a potion of cure mutation {unknown}
 P - 2 potions of poison {unknown}
Books
 c - a book of Minor Magic

   Spells                             Type                      Level
   *Magic Dart                        Conjuration                  1
   *Blink                             Translocation                2
   *Call Imp                          Summoning                    2
   *Repel Missiles                    Charms/Air                   2
   Slow                               Hexes                        2
   *Conjure Flame                     Conjuration/Fire             3
   *Mephitic Cloud                    Conjuration/Poison/Air       3
 n - a book of Power

   Spells                             Type                      Level
   *Iskenderun's Mystic Blast         Conjuration                  4
   Venom Bolt                         Conjuration/Poison           5
   Bolt of Magma                      Conjuration/Fire/Earth       5
   Fulminant Prism                    Conjuration/Hexes            5
   Iron Shot                          Conjuration/Earth            6
   Orb of Destruction                 Conjuration                  7
 D - a book of Unlife

   Spells                             Type                      Level
   Recall                             Summoning/Translocation      3
   Animate Dead                       Necromancy                   4
   Control Undead                     Necromancy                   4
   Twisted Resurrection               Necromancy                   5
   Death Channel                      Necromancy                   6
   Simulacrum                         Ice/Necromancy               6


   Skills:
 - Level 3.4 Dodging
 - Level 2.4 Stealth
 * Level 9.6 Spellcasting
 - Level 11.0 Conjurations
 - Level 1.1 Summonings
 - Level 5.1 Translocations
 * Level 7.8 Fire Magic
 - Level 4.0 Poison Magic


You had 11 spell levels left.
You knew the following spells:

 Your Spells              Type           Power        Failure   Level  Hunger
a - Magic Dart            Conj           ####         1%          1    None
b - Blink                 Tloc           N/A          1%          2    None
c - Call Imp              Summ           ###.......   6%          2    None
d - Mephitic Cloud        Conj/Pois/Air  #####...     2%          3    None
e - Repel Missiles        Chrm/Air       ##........   12%         2    None
f - Conjure Flame         Conj/Fire      ######..     1%          3    None
g - Iskenderun's Mystic   Conj           ######..     1%          4    #......


Dungeon Overview and Level Annotations

Branches:
Dungeon (9/16)             Temple (1/1) D:4             Orc (0/4) D:9
   Lair: D:8-11

Altars:
Ashenzari
Cheibriados
Dithmengos
Elyvilon
Kikubaaqudgha
Makhleb
Nemelex Xobeh
Okawaru
Sif Muna
Trog
Yredelemnul
Zin
the Shining One

Shops:
D:9 %


Innate Abilities, Weirdness & Mutations

You have a pair of small horns on your head.
You can breathe flames.
Armour fits poorly on your strangely shaped body.


Message History

The orb of energy explodes!
The orc warrior barely misses you.
Casting: Iskenderun's Mystic Blast
Confirm with . or Enter, or press ? or * to list all spells.
Aiming: Mephitic Cloud
Press: ? - help, Shift-Dir - straight line, p - orc warrior The beam explodes into a vile cloud!
The stinking cloud engulfs the orc warrior.
The orc warrior is severely wounded.
You hit the orc warrior but do no damage.
The orc warrior is severely wounded.
The orc warrior hits you with a brightly glowing morningstar!
You hit the orc warrior but do no damage.
Your headbutt misses the orc warrior.
The orc warrior is severely wounded.
You hit the orc warrior but do no damage.
You headbutt the orc warrior, but do no damage.
The orc warrior is severely wounded.
The orc warrior hits you with a brightly glowing morningstar!
* * * LOW HITPOINT WARNING * * *
You die...

#...# #####...#
#...#...# #......####
#........(##
#.....))(.(.
##########).)).).....
#........<>...()#....
#.∩.@o§.....)...#...#
#.)...§.........#####
#......§§§....#...#
#...................#
#......)............#
...................#
..#...###.........
.#...# ........ ..#
....#


You could see an orc warrior.

Vanquished Creatures
  A hill giant (D:9)
  A wyvern (D:9)
  2 hippogriffs
  Eustachio (D:4)
  A hungry ghost (D:8)
  A necrophage (D:9)
  3 sky beasts
  2 ice beasts
  5 ogres
  A phantom (D:8)
  A black bear (D:8)
  3 giant frogs
  Duvessa (D:4)
  2 big kobolds
  4 centaurs
  2 gnoll sergeants
  A troll zombie (D:8)
  4 wights (D:9)
  3 vampire bats (D:9)
  Dowan (D:4)
  5 crimson imps
  6 jellies
  2 big fish
  2 scorpions
  2 hounds
  3 orc priests
  A soldier ant zombie (D:9)
  A quasit (D:6)
  2 iguanas
  4 orc wizards
  4 worker ants
  2 human zombies (Ossuary)
  2 centaur skeletons
  An iron imp (D:9)
  A big kobold zombie (Ossuary)
  A big kobold skeleton (D:7)
  2 hound skeletons (D:6)
  A hound zombie (D:8)
  Terence (D:3)
  3 mummies (Ossuary)
  A spectral human (D:5)
  13 adders
  12 gnolls
  5 worms
  An adder zombie (D:8)
  5 grey rats (Sewer)
  A giant eyeball (D:4)
  4 giant geckos
  2 oozes
  20 orcs
  12 bats
  4 bat skeletons (D:9)
  3 bat zombies (D:9)
  4 giant cockroaches
  7 goblins
  11 hobgoblins
  13 jackals
  4 quokkas
  6 giant newts
  A giant spore (D:8)
  A goblin skeleton (D:5)
  2 goblin zombies (Ossuary)
  A hobgoblin skeleton (D:7)
  A hobgoblin zombie (Ossuary)
  27 kobolds
  A kobold zombie (Ossuary)
  An orc skeleton (D:6)
  An orc zombie (Ossuary)
  A quokka skeleton (D:5)
  A quokka zombie (D:9)
  18 rats
  A rat zombie (D:5)
  A ballistomycete (D:8)
272 creatures vanquished.

Vanquished Creatures (collateral kills)
  A centaur skeleton (D:8)
  A hound zombie (D:7)
  A hound skeleton (D:6)
  An inept feature mimic (D:4)
  An orc (D:9)
5 creatures vanquished.

Vanquished Creatures (others)
  A white imp (D:9)
1 creature vanquished.

Grand Total: 278 creatures vanquished

Notes
Turn   | Place    | Note
--------------------------------------------------------------
     0 | D:1      | RedPan, the Deep Elf Wizard, began the quest for the Orb.
     0 | D:1      | Reached XP level 1. HP: 10/10 MP: 6/6
   279 | D:1      | Reached XP level 2. HP: 15/15 MP: 9/9
   283 | D:1      | Learned a level 2 spell: Blink
   286 | D:1      | Learned a level 2 spell: Call Imp
  1064 | D:1      | Reached XP level 3. HP: 17/19 MP: 9/12
  1069 | D:1      | Learned a level 3 spell: Mephitic Cloud
  1381 | D:2      | Reached XP level 4. HP: 24/24 MP: 12/15
  1578 | D:3      | Noticed Terence
  1595 | D:3      | Killed Terence
  1775 | D:3      | Found a glowing drain.
  1780 | D:3      | Reached skill level 5 in Conjurations
  1790 | Sewer    | Entered a sewer
  1825 | Sewer    | Reached XP level 5. HP: 9/28 MP: 16/18
  2166 | Sewer    | Noticed a big kobold
  2177 | Sewer    | Killed a big kobold
  2177 | Sewer    | Reached skill level 6 in Conjurations
  2177 | Sewer    | Reached skill level 1 in Poison Magic
  2263 | Sewer    | Found a white marble altar of Elyvilon.
  2467 | D:3      | Reached XP level 6. HP: 32/32 MP: 4/20
  3167 | D:4      | Noticed Duvessa
  3167 | D:4      | Noticed Dowan
  3193 | D:4      | Killed Duvessa
  3290 | D:4      | Killed Dowan
  3290 | D:4      | Reached skill level 7 in Conjurations
  3544 | D:4      | Paralysed by a giant eyeball for 2 turns
  3652 | D:4      | Reached XP level 7. HP: 36/36 MP: 12/21
  3721 | D:4      | Noticed Eustachio
  3805 | D:4      | Killed Eustachio
  4147 | D:4      | Found a staircase to the Ecumenical Temple.
  4157 | Temple   | Entered the Ecumenical Temple
  4337 | D:4      | Reached skill level 8 in Conjurations
  4806 | D:5      | Entered Level 5 of the Dungeon
  4955 | D:5      | Gained mutation: You have a pair of small horns on your head. [potion of beneficial mutation]
  5257 | D:5      | Found a basalt altar of Yredelemnul.
  5837 | D:6      | Reached skill level 9 in Conjurations
  5837 | D:6      | Reached XP level 8. HP: 41/41 MP: 16/23
  6551 | D:6      | Found a sand-covered staircase.
  6556 | Ossuary  | Entered an ossuary
  6921 | Ossuary  | Reached skill level 10 in Conjurations
  7193 | D:6      | Found a bloodstained altar of Trog.
  7193 | D:6      | Found a glowing silver altar of Zin.
  7844 | D:7      | Reached XP level 9. HP: 19/45 MP: 3/24
  8032 | D:7      | Reached skill level 11 in Conjurations
  8032 | D:7      | Reached skill level 5 in Translocations
  8036 | D:7      | Learned a level 2 spell: Repel Missiles
  8040 | D:7      | Learned a level 3 spell: Conjure Flame
  8214 | D:7      | Reached skill level 1 in Fire Magic
  9102 | D:8      | Learned a level 4 spell: Iskenderun's Mystic Blast
  9258 | D:8      | Reached skill level 5 in Spellcasting
 10247 | D:8      | Reached skill level 5 in Fire Magic
 10850 | D:9      | Found Klinepp's Food Boutique.
 11552 | D:9      | Gained mutation: You can breathe flames. [potion of mutation]
 11552 | D:9      | Gained mutation: Armour fits poorly on your strangely shaped body. [potion of mutation]
 11666 | D:9      | Reached XP level 10. HP: 31/50 MP: 19/29
 12239 | D:9      | Found a staircase to the Orcish Mines.
 12245 | D:9      | Found a shattered altar of Ashenzari.
 12294 | D:9      | Noticed a hill giant
 12520 | D:9      | Found an ancient bone altar of Kikubaaqudgha.
 12592 | D:9      | Killed a hill giant
 12833 | D:9      | Found an iron altar of Okawaru.
 13120 | D:9      | Identified the +7,+3 morningstar "Seirug" {crush, +Inv rPois}
 13120 | D:9      | Slain by an orc warrior

Action                   |  1- 3 |  4- 6 |  7- 9 | 10-12 || total
-------------------------+-------+-------+-------+-------++-------
Melee: Dagger            |    42 |     1 |       |       ||    43
       Short sword       |       |    36 |   129 |    47 ||   212
       Unarmed           |       |       |     7 |    15 ||    22
 Cast: Magic Dart        |    59 |   158 |   537 |   154 ||   908
       Mephitic Cloud    |       |    10 |    26 |    18 ||    54
       Call Imp          |       |       |    23 |       ||    23
       Blink             |       |       |     4 |     3 ||     7
       Iskenderun's Myst |       |       |    32 |    15 ||    47
Evoke: Wand              |       |       |     4 |       ||     4
  Use: Scroll            |       |     3 |    11 |     1 ||    15
       Potion            |       |     1 |     5 |     1 ||     7
 Stab: Sleeping          |     1 |     1 |     1 |       ||     3
       Confused          |       |       |     4 |       ||     4
       Distracted        |       |       |     1 |       ||     1
